 Dungeon Crawl Stone Soup version 0.31-a0-818-ge7c7cf74f0 (webtiles) character file.

Game seed: 12532050448895164298

47 Kurtz the Chopper (level 3, 0/26 HPs)
             Began as an Octopode Fighter on Sept 23, 2023.
             Slain by a gnoll
             ... wielding a +0 spear
              (5 damage)
             ... on level 2 of the Dungeon.
             The game lasted 00:00:45 (985 turns).

Kurtz the Chopper (Octopode Fighter)                 Turns: 985, Time: 00:00:45

Health: 0/26       AC:  1    Str: 17    XL:     3   Next: 70%
Magic:  3/3        EV: 13    Int: 10    God:
Gold:   26         SH:  4    Dex: 11    Spells: 2/2 levels left

rFire   . . .        a - +0 war axe
rCold   . . .        b - +0 buckler
rNeg    . . .        (helmet restricted)
rPois   .            (no amulet)
rElec   .            (no ring)
rCorr   .            (no ring)
SInv    .            (no ring)
Will    .....        (no ring)
Stlth   ++           (no ring)
HPRegen 0.24/turn    (no ring)
MPRegen 0.08/turn    (no ring)
                     (no ring)

%: no passive effects
@: invisible
A: almost no armour, amphibious, 8 rings, camouflage 1, gelatinous body 1,
(nimble swimmer 1), tentacles
a: no special abilities


You were on level 2 of the Dungeon.
You visited 1 branch of the dungeon, and saw 2 of its levels.

You collected 26 gold pieces.

Inventory:

Hand Weapons
 a - a +0 war axe (weapon)
Armour
 b - a +0 buckler (worn)
Jewellery
 g - a ring of resist corrosion
 m - a +4 ring of protection
 n - a ring of willpower
Scrolls
 d - a scroll of torment {unknown}
 f - a scroll of teleportation {unknown}
 h - 2 scrolls of poison {unknown}
 k - a scroll of enchant armour {unknown}
 l - a scroll of blinking {unknown}
Potions
 c - a potion of might
 e - a potion of invisibility
 i - 2 potions of curing {unknown}
 j - a potion of heal wounds {unknown}


   Skills:
 - Level 3.0 Fighting
 * Level 3.9 Axes
 - Level 3.0 Dodging
 - Level 3.0 Shields


You had 2 spell levels left.
You didn't know any spells.
Your spell library contained the following spells:

 Spells                   Type           Power      Damage    Failure   Level
 Ozocubu's Armour         Ice            0%         N/A       82%         3
 Metabolic Englaciation   Hex/Ice        0%         N/A       100%        5
 Simulacrum               Ice/Necr       0%         N/A       100%        6


Dungeon Overview and Level Annotations

Branches:
Dungeon (2/15)

Altars:

Annotations:
D:2 Sigmund


Innate Abilities, Weirdness & Mutations

You cannot wear most types of armour.
You are amphibious.
You can wear up to eight rings at the same time.
Your skin changes colour to match your surroundings (Stealth+).
Your rubbery body absorbs attacks. (AC +1, EV +1)
((You are camouflaged when in or above water. (Stealth+)))
You have tentacles for arms and can constrict up to eight enemies at once.


Message History

n - a ring of willpower No target in view!
Key pressed, stopping explore.
Unknown command.
No target in view!
No target in view!
You now have 26 gold pieces (gained 9).
Sigmund and a gnoll come into view.
Unknown command. 2 gnolls come into view.
The gnoll shouts! x3; You hear a shout!
There are monsters nearby!
Unknown command.
A gnoll comes into view. It is wielding a +0 spear.
Sigmund barely misses you.
There are monsters nearby!
Unknown command.
There are monsters nearby!
You hit Sigmund. You grab Sigmund.
Sigmund is lightly wounded.
You barely miss the gnoll. You constrict Sigmund.
Sigmund hits you with a +0 scythe!
There are monsters nearby!
You slash Sigmund! You tentacle-slap Sigmund. You squeeze Sigmund.
Sigmund is heavily wounded.
You slash the gnoll! You constrict Sigmund. Sigmund closely misses you.
The gnoll hits you with a +0 club!
Unknown command.
You hit Sigmund but do no damage.
Sigmund is heavily wounded.
You hit the gnoll. You constrict Sigmund.
The gnoll hits you from afar with a +0 spear.
The gnoll hits you with a +0 club.
* * * LOW HITPOINT WARNING * * *
Sigmund barely misses you. You block the gnoll's attack. The gnoll misses you.
It was a potion of invisibility.
You fade into invisibility!
You constrict Sigmund.
The gnoll hits you from afar with a +0 spear.
You die...

.#..... ...#.#
#####....###
#..........#
#.....gg...#
#......g...# .
#.....@....#####.
#@g....##.. .
##.##....#.### ##.
#....##......# .(.
###
#....#####...###.##
#.#
#.......##.#.......
#.#
#....##...........#
#.#
#....###.###....#..
###### #.#
###..###.##..#.....
##.....###.##
#...##.#..#...##.


You could see Sigmund (unable to see you) and 4 gnolls.

Vanquished Creatures
  2 dart slugs
  3 ball pythons
  7 endoplasms (D:1)
  2 goblins (D:1)
  3 hobgoblins (D:1)
  6 jackals
  A quokka (D:1)
  2 frilled lizards
  6 kobolds (D:1)
  6 rats
38 creatures vanquished.

Notes
Turn   | Place    | Note
-------+----------+-------------------------------------------
     0 | D:1      | Kurtz the Octopode Fighter began the quest for the Orb.
     0 | D:1      | Reached XP level 1. HP: 16/16 MP: 1/1
   162 | D:1      | Reached XP level 2. HP: 13/21 MP: 2/2
   469 | D:1      | Reached XP level 3. HP: 26/26 MP: 3/3
   978 | D:2      | Noticed Sigmund
   985 | D:2      | Slain by a gnoll

Illustrated notes

Levels and vault maps discovered:
D:1:      tarquinn_simple_flora_water_c, layout_basic
D:2:      layout_rooms, dreamdust_princess_bridge, st_stairs_7, uniq_sigmund

Skill      XL: |  1  2 |
---------------+-------+-----
Axes           | 3 |  3.9
Fighting       | |  3.0
Dodging        | |  3.0
Shields        | |  3.0

Action                     || total
---------------------------++-------
  Melee: War axe           ||    57
         Constrict         ||    10
         Tentacles         ||     9
         Punch             ||     1
    Use: Potion            ||     1
   Stab: Sleeping          ||     8
 Armour: Skin              ||    23
  Dodge: Dodged            ||    24
  Block: Buckler           ||     3

Table legend: (Time is in decaauts)
 A = Elapsed time spent in this place.
 B = Non-inter-level travel time spent in this place.
 C = Inter-level travel time spent in this place.
 D = Time resting spent in this place.
 E = Time spent auto-exploring this place.
 F = Levels seen in this place.
 G = Mean time per level.
                   A        B        C        D        E       F      G
               +--------+--------+--------+--------+--------+-----+--------+
         Total |   1006 |    997 |      9 |      0 |    769 |   2 |  503.0 |
       Dungeon |   1006 |    997 |      9 |      0 |    769 |   2 |  503.0 |
               +--------+--------+--------+--------+--------+-----+--------+

Top non-repeatable levels by time:
     D:1: 908 daAuts
     D:2: 97 daAuts
